 Dungeon Crawl Stone Soup version 0.29.1-15-g9cfb28693d (webtiles) character file.

Game seed: 7612464972496261288

1873 H0rd4k the Charlatan (level 9, -3/67 HPs)
             Began as a Human Artificer on May 2, 2023.
             Was an Initiate of Gozag.
             Slain by a killer bee (6 damage)
             ... on level 7 of the Dungeon.
             The game lasted 00:07:31 (6227 turns).

H0rd4k the Charlatan (Human Artificer)              Turns: 6227, Time: 00:07:32

Health: -3/67      AC: 12    Str: 12    XL:     9   Next: 36%
Magic:  9/9        EV: 12    Int: 17    God:    Gozag
Gold:   426        SH:  0    Dex: 15    Spells: 8/8 levels left

rFire   . . .      SeeInvis .   p - +3 flail (protect)
rCold   . . .      Faith    .   (no shield)
rNeg    . . .      Spirit   .   C - +1 ring mail of Ujomuf {Will+ Dex+2}
rPois   .          Reflect  .   K - +0 helmet
rElec   .          Harm     .   x - +0 cloak
rCorr   .          Rampage  .   (no gloves)
Will    ++...                   (no boots)
Stlth   ++........              y - amulet of magic regeneration
HPRegen 0.21/turn               k - ring of willpower
MPRegen 0.51/turn               l - +4 ring of protection

@: lethally poisoned (-3 -> -8)
A: no striking features
a: Renounce Religion, Potion Petition, Call Merchant, Bribe Branch


You were on level 7 of the Dungeon.
You worshipped Gozag.
Gozag was aware of your devotion.
You visited 2 branches of the dungeon, and saw 8 of its levels.

You collected 469 gold pieces.
You paid 43 gold pieces to Gozag.

Inventory:

Hand Weapons
 i - a +0 mace
 p - a +3 flail of protection (weapon)
 N - a +2 whip of flaming
Missiles
 O - 5 poisoned darts
Armour
 x - a +0 cloak (worn)
 C - the +1 ring mail of Ujomuf (worn) {Will+ Dex+2}
   (You found it on level 4 of the Dungeon)

   Dex:       It affects your dexterity (+2).
   Will:      It increases your willpower.
 K - a +0 helmet (worn)
Magical Staves
 n - a staff of cold
 s - a staff of earth
Jewellery
 k - a ring of willpower (left hand)
 l - a +4 ring of protection (right hand)
 r - a ring of flight
 y - an amulet of magic regeneration (around neck)
Wands
 c - a wand of flame (19) (quivered)
 e - a wand of iceblast (10)
 D - a wand of paralysis (5)
 F - a wand of quicksilver (6)
Scrolls
 b - a scroll of silence {unknown}
 g - a scroll of poison {unknown}
 j - 2 scrolls of teleportation {unknown}
 m - 2 scrolls of enchant weapon {unknown}
 q - 4 scrolls of enchant armour {unknown}
 u - a scroll of identify {unknown}
 v - a scroll of magic mapping {unknown}
 w - 3 scrolls of vulnerability {unknown}
 B - a scroll of brand weapon {unknown}
 H - a scroll of fog {unknown}
 J - a scroll of acquirement {unknown}
Potions
 a - 2 potions of curing
 f - a potion of might {unknown}
 h - a potion of flight {unknown}
 o - a potion of attraction {unknown}
 t - 2 potions of brilliance {unknown}
 z - 2 potions of mutation {unknown}
 A - 2 potions of magic {unknown}
 E - a potion of degeneration {unknown}
 G - a potion of heal wounds {unknown}
 I - a potion of cancellation {unknown}
 L - a potion of lignification {unknown}
 M - a potion of ambrosia {unknown}


   Skills:
 + Level 4.8 Fighting
 - Level 4.5 Maces & Flails
 - Level 2.0 Armour
 + Level 5.8 Dodging
 + Level 3.3 Stealth
 + Level 7.2 Evocations


You had 8 spell levels left.
You didn't know any spells.
Your spell library contained the following spells:

 Spells                   Type           Power      Damage    Failure   Level
 Beastly Appendage        Tmut           0%         N/A       45%         1
 Wereblood                Tmut           0%         N/A       61%         2
 Inner Flame              Hex/Fire       0%         N/A       83%         3
 Spider Form              Tmut/Pois      0%         N/A       83%         3
 Alistair's Intoxication  Tmut/Pois      0%         N/A       100%        5
 Iskenderun's Battlesphe  Conj           0%         2d6       100%        5
 Iron Shot                Conj/Erth      0%         9d1       100%        6
 Dragon Form              Tmut           0%         N/A       100%        7
 Spellforged Servitor     Conj/Summ      0%         N/A       100%        7


Dungeon Overview and Level Annotations

Branches:
Dungeon (7/15)             Temple (1/1) D:4

Altars:
Ashenzari
Cheibriados
Gozag
Kikubaaqudgha
Makhleb
Nemelex Xobeh
Okawaru
Qazlal
Ru
Sif Muna
Trog
Vehumet
Yredelemnul
Zin

Annotations:
D:2 1 runed translucent door, exclusion: door, Crazy Yiuf
D:3 Grinder
D:4 exclusion: downstairs
D:6 exclusion: downstairs


Message History

The killer bee is no longer distracted by gold.
The killer bee stings you but does no damage.
The killer bee barely misses you. The gnoll hits you but does no damage.
You closely miss the killer bee.
The killer bee is heavily wounded.
You feel sick. The killer bee closely misses you.
The killer bee completely misses you. The gnoll misses you.
You completely miss the killer bee.
The killer bee is heavily wounded.
You feel sick.
The killer bee stings you but does no damage.
The killer bee closely misses you.
The gnoll hits you from afar with a +0 spear.
* * * LOW HITPOINT WARNING * * *
The killer bee stings you but does no damage.
You feel sick. The killer bee stings you.
* * * LOW HITPOINT WARNING * * *
You are more poisoned.
The killer bee poisons you!
You feel sick. The killer bee closely misses you.
Okay, then.
You feel better.
The killer bee stings you but does no damage. x2
The gnoll hits you but does no damage. The killer bee misses you.
The killer bee stings you.
* * * LOW HITPOINT WARNING * * *
The killer bee stings you but does no damage.
The killer bee barely misses you.
The killer bee attacks as you move away!
The killer bee stings you.
* * * LOW HITPOINT WARNING * * *
You are lethally poisoned!
The killer bee poisons you!
* * * LOW HITPOINT WARNING * * *
You feel sick.
* * * LOW HITPOINT WARNING * * *
You feel sick.
The gnoll zaps a wand.
You resist with almost no effort. The killer bee stings you.
You die...
Your body crumbles into a pile of gold.

...#............##..
##.#.>..............
#.(.................
####..#................
##>.....................
.....#.#..<.............
.......y....(...........
....##y#.###...........
#. #@#.g5$...........
#...g.####.....#...
#...#### ########<#
...#.. #.# ####### ...
#..# ..## ... ###


You could see 2 killer bees and a gnoll.

Vanquished Creatures
  Pikel (D:6)
  A water moccasin (D:6)
  2 black bears
  2 ice beasts
  A sky beast (D:6)
  2 ogres (D:5)
  A lemure (D:6)
  A phantom (D:5)
  A bullfrog (D:6)
  A gnoll sergeant (D:6)
  2 killer bees (D:7)
  3 hounds
  A jelly (D:6)
  An orc priest (D:4)
  2 iguanas
  An orc wizard (D:4)
  A gnoll (D:6)
  9 adders
  2 ufetubi (D:6)
  A worm (D:4)
  A dart slug (D:4)
  8 orcs
  4 ball pythons
  4 bats
  7 endoplasms
  9 goblins
  A hobgoblin (D:2)
  7 jackals
  A quokka (D:2)
  2 frilled lizards
  3 kobolds
  4 rats
87 creatures vanquished.

Vanquished Creatures (collateral kills)
  2 adders
  2 worms
  An orc (D:4)
  A hobgoblin (D:4)
6 creatures vanquished.

Vanquished Creatures (others)
  3 orcs (D:4)
3 creatures vanquished.

Grand Total: 96 creatures vanquished

Notes
Turn   | Place    | Note
-------+----------+-------------------------------------------
     0 | D:1      | H0rd4k the Human Artificer began the quest for the Orb.
     0 | D:1      | Reached XP level 1. HP: 15/15 MP: 1/1
   286 | D:1      | Reached XP level 2. HP: 21/21 MP: 2/2
   713 | D:2      | Reached XP level 3. HP: 5/26 MP: 3/3
  1093 | D:2      | Reached skill level 4 in Evocations
  1333 | D:2      | Found a runed translucent door.
  1334 | D:2      | Noticed Crazy Yiuf
  1460 | D:2      | Reached XP level 4. HP: 32/32 MP: 4/4
  1903 | D:3      | Reached skill level 1 in Maces & Flails
  2147 | D:3      | Found a faded altar of an unknown god.
  2310 | D:3      | Noticed Grinder
  2388 | D:4      | HP: 1/33 [orc/boomerang (5)]
  2389 | D:4      | Reached XP level 5. HP: 1/38 MP: 5/5
  2439 | D:5      | Entered Level 5 of the Dungeon
  2813 | D:5      | Noticed a phantom
  2822 | D:5      | Killed a phantom
  2823 | D:5      | Reached XP level 6. HP: 37/44 MP: 6/6
  3094 | D:5      | Noticed an ogre
  3100 | D:4      | Found a staircase to the Ecumenical Temple.
  3113 | Temple   | Entered the Ecumenical Temple
  3162 | Temple   | Became a worshipper of Gozag Ym Sagoz the Greedy
  3439 | D:4      | Found a radiant altar of Vehumet.
  3455 | D:4      | Identified the +1 ring mail of Ujomuf {Will+ Dex+2}
  4066 | D:5      | Noticed a black bear
  4074 | D:5      | Killed a black bear
  4075 | D:5      | Reached XP level 7. HP: 49/51 MP: 7/7
  4139 | D:5      | Reached skill level 5 in Evocations
  4441 | D:5      | Identified the +2 whip of Dicw {flame, rF- rN+ Int+4}
  4595 | D:6      | Reached XP level 8. HP: 51/57 MP: 8/8
  4735 | D:6      | Reached skill level 6 in Evocations
  5051 | D:6      | Got Zeedghug's Disquisition on Enchanting Transfiguration
  5607 | D:6      | Noticed Pikel
  5658 | D:6      | Killed Pikel
  5659 | D:6      | Reached skill level 5 in Dodging
  5659 | D:6      | Reached XP level 9. HP: 66/66 MP: 9/9
  5854 | D:6      | Reached skill level 7 in Evocations
  6227 | D:7      | HP: 3/67 [poisoned by a killer bee]
  6227 | D:7      | Slain by a killer bee

Illustrated notes

Levels and vault maps discovered:
D:1:      dpeg_arrival_stonehenge_8_columns, layout_basic
D:2:      layout_rooms, uniq_crazy_yiuf_cottage
D:3:      layout_loops_ring, mainiacjoe_overflow_large_starburst,
          chequers_ecumenical_altar_island, minmay_checkerbox, uniq_grinder
D:4:      layout_rooms, vehumet_altar_wand_db, minmay_temple_entry_glass,
          hangedman_decor_diamond_cutter, hangedman_decor_peaks_small,
          chequers_serial_rivers_large_a
D:5:      layout_loops_corners, amcnicky_mini_corridor_feature
D:6:      layout_basic, uniq_pikel
D:7:      layout_rooms
Temple:   nicolae_temple_bog_church

Skill      XL: |  1  2  3  4  5  6  7  8  9 |
---------------+----------------------------+-----
Evocations     | 4 5 6 7 |  7.2
Maces & Flails | 1 2 3 4 |  4.5
Dodging        | 2 3 5 |  5.8
Fighting       | 2 4 |  4.8
Stealth        | 2 3 |  3.3
Armour         | |  2.0

Action                   |  1- 3 |  4- 6 |  7- 9 || total
-------------------------+-------+-------+-------++-------
Melee: Club              |    12 |       |       ||    12
       Mace              |    66 |    19 |       ||    85
       Flail             |       |   111 |   138 ||   249
       Punch             |       |     1 |     2 ||     3
Evoke: Wand              |     4 |    29 |    25 ||    58
  Use: Potion            |       |     1 |     1 ||     2
 Stab: Sleeping          |     1 |     2 |       ||     3
       Distracted        |       |       |     1 ||     1
Armor: Leather armour    |    21 |    48 |       ||    69
       Ring mail         |       |    26 |   107 ||   133
Dodge: Dodged            |    65 |    91 |   121 ||   277
